 Dungeon Crawl Stone Soup version 0.29.0-11-gd7f09526c8 (webtiles) character file.

Game seed: 8011814518340040894

311 browni3141 the Chiller (level 6, -6/48 HPs)
             Began as a Ghoul Enchanter on Sept 4, 2022.
             Mangled by a gnoll
             ... wielding a +0 flail
              (12 damage)
             ... on level 2 of the Dungeon.
             The game lasted 00:13:37 (5456 turns).

browni3141 the Chiller (Ghoul Enchanter)            Turns: 5456, Time: 00:13:38

Health: -6/48      AC:  3    Str: 12    XL:     6   Next: 42%
Magic:  2/8        EV: 12    Int: 12    God:
Gold:   102        SH:  0    Dex:  9    Spells: 7/9 levels left

rFire   . . .      SeeInvis .   a - +1 spear (venom)
rCold   + . .      Faith    .   (no shield)
rNeg    + + +      Spirit   .   b - +0 robe
rPois   ∞          Reflect  .   (no helmet)
rElec   .          Harm     .   (no cloak)
rCorr   .          Rampage  .   C - +0 pair of gloves
Will    .....                   (no boots)
Stlth   ++........              g - amulet of the acrobat
HPRegen 0.00/turn               (no ring)
MPRegen 0.11/turn               (no ring)

@: inhibited regen
A: claws 1, cold resistance 1, negative energy resistance 3, inhibited
regeneration, torment resistance 2, devour on kill
a: no special abilities


You were on level 2 of the Dungeon.
You visited 1 branch of the dungeon, and saw 3 of its levels.
You also visited: Sewer.

You collected 102 gold pieces.


Innate Abilities, Weirdness & Mutations

You are immune to poison.
You have sharp fingernails.
Your flesh is cold resistant. (rC+)
You are immune to negative energy. (rN+++)
You do not regenerate when monsters are visible.
You are immune to unholy pain and torment.
You thrive by killing the living.


   Skills:
 - Level 2.0 Fighting
 - Level 0.8 Short Blades
 * Level 2.6 Polearms
 - Level 1.7 Dodging
 - Level 4.0 Stealth
 - Level 0.7 Unarmed Combat
 - Level 2.0 Spellcasting
 - Level 3.0 Hexes
 - Level 4.0 Ice Magic


You had 7 spell levels left.
You knew the following spells:

 Your Spells              Type           Power      Damage    Failure   Level
z - Ensorcelled Hibernat  Hex/Ice        18%        N/A       10%         2

Your spell library contained the following spells:

 Spells                   Type           Power      Damage    Failure   Level
 Confusing Touch          Hex            8%         N/A       24%         3
 Tukima's Dance           Hex            8%         N/A       24%         3
 Dazzling Flash           Conj/Hex       8%         N/A       41%         3

Inventory:

Hand Weapons
 a - a +1 spear of venom (weapon)
 r - a +1 dagger
 y - a +0 sling
Missiles
 f - 2 atropa-tipped darts
Armour
 b - a +0 robe (worn)
 z - a +0 scale mail
 C - a +0 pair of gloves (worn)
Jewellery
 g - an amulet of the acrobat (around neck)
Wands
 D - a wand of paralysis (7)
Scrolls
 e - a scroll of poison {unknown}
 h - a scroll of fear
 k - 3 scrolls of teleportation {unknown}
 l - a scroll of amnesia {unknown}
 m - a scroll of enchant armour {unknown}
 u - a scroll of butterflies {unknown}
 v - a scroll of vulnerability {unknown}
 w - a scroll of summoning {unknown}
 x - a scroll of identify {unknown}
 A - a scroll of acquirement {unknown}
Potions
 c - 4 potions of invisibility
 d - a potion of attraction {!q}
 i - 2 potions of resistance {unknown}
 j - 3 potions of might
 n - a potion of berserk rage {unknown}
 o - 2 potions of mutation {unknown}
 p - 2 potions of cancellation {unknown}
 q - a potion of magic
 s - a potion of degeneration {unknown}
 t - a potion of curing {@q1}
 B - a potion of haste {unknown}

Dungeon Overview and Level Annotations

Branches:
Dungeon (3/15)              Sewer (visited)

Altars:

.........#..##.# #.....#.....#.#
...............## #####...¦¦¦....
..¦###¦...#.....## #.#...¦¦..#
..#.b.#..........######...¦¦....#
..#PPb#....#####.##.....#[.¦¦¦..#
..#.b.#....# #.##.....##......#
..¦###¦....# #........#######.#
...........# #g##.....# ##.#
...........#####@##.....# ##...
.................######## #.#.#
...#########.##### ##... ...# #.#
##.# ...# #.# ##### #.#
...#########.######...#########.#
..........##..........#.........#
#.#.#####.#########...#.#########
#......##.# ##.##.#


You could see a gnoll (poisoned).


Message History

You hit the gnoll.
The gnoll is poisoned.
The gnoll is moderately wounded.
The gnoll closely misses you.
You climb upwards.
There is a stone staircase leading down here.
You completely miss the gnoll.
The gnoll is moderately wounded.
The gnoll closely misses you.
You hit the gnoll but do no damage.
The gnoll is moderately wounded.
The gnoll hits you with a +0 flail!
You barely miss the gnoll.
The gnoll is moderately wounded.
The gnoll hits you with a +0 flail.
You closely miss the gnoll.
The gnoll is moderately wounded.
The gnoll hits you with a +0 flail!
* * * LOW HITPOINT WARNING * * *
Aiming: Ensorcelled Hibernation (safe; 10% risk of failure)
Press: ? - help, Q - select action, (/) - cycle Shift-Dir - straight line, f - gnoll
Aim: a gnoll, wielding a +0 flail (moderately wounded, very poisoned, chance to affect: 51%)
The gnoll resists with some effort.
The gnoll hits you with a +0 flail!
* * * LOW HITPOINT WARNING * * *
Aiming: Ensorcelled Hibernation (safe; 10% risk of failure)
Press: ? - help, Q - select action, (/) - cycle Shift-Dir - straight line, f/p - gnoll
Aim: a gnoll, wielding a +0 flail (moderately wounded, poisoned, chance to affect: 51%)
The gnoll resists with some effort.
The gnoll hits you with a +0 flail!
You die...

Skill      XL: |  1  2  3  4  5  6 |
---------------+-------------------+-----
Spellcasting   | 2 |  2.0
Hexes          | 3 |  3.0
Ice Magic      | 1 2 4 |  4.0
Polearms       | 2 |  2.6
Stealth        | 4 |  4.0
Fighting       | 1 2 |  2.0
Short Blades   | |  0.8
Dodging        | |  1.7
Unarmed Combat | |  0.7

Action                   |  1- 3 |  4- 6 || total
-------------------------+-------+-------++-------
Melee: Unarmed           |   205 |    87 ||   292
       Punch             |     3 |     3 ||     6
       Spear             |       |    92 ||    92
 Fire: Sling             |    15 |       ||    15
Throw: Dart              |     4 |     2 ||     6
 Cast: Ensorcelled Hiber |     4 |    17 ||    21
  Use: Scroll            |     1 |     3 ||     4
       Potion            |       |     4 ||     4
 Stab: Sleeping          |     8 |    14 ||    22
Armor: Robe              |    33 |    26 ||    59
Dodge: Dodged            |   138 |   114 ||   252

Levels and vault maps discovered:
D:1:      scummos_arrival_forest, layout_basic, chequers_garden,
          minmay_misc_feat_plants
D:2:      layout_loops_cross, serial_aquarium, aquarium_bridge_straight
          [aquarium_subvault_bridge, aquarium_subvault_wall,
          aquarium_subvault_bridge, aquarium_subvault_wall],
          aquarium_bridge_long_joined [aquarium_subvault_window,
          aquarium_subvault_bridge, aquarium_subvault_wall,
          aquarium_subvault_balcony, aquarium_subvault_window,
          aquarium_subvault_wall], aquarium_window_fake, aquarium_window_fake,
          aquarium_window_corner, aquarium_window_fake, aquarium_view_2b,
          aquarium_pool_2, kennysheep_flooded_box, minmay_pentomino_s2
D:3:      layout_rooms, portal_sewer_entry_f, minmay_door_square

Notes
Turn   | Place    | Note
-------+----------+-------------------------------------------
     0 | D:1      | browni3141 the Ghoul Enchanter began the quest for the Orb.
     0 | D:1      | Reached XP level 1. HP: 14/14 MP: 2/2
   247 | D:1      | Reached skill level 2 in Spellcasting
   569 | D:1      | Reached XP level 2. HP: 17/20 MP: 4/4
   662 | D:1      | Learned a level 2 spell: Ensorcelled Hibernation
  1591 | D:2      | Reached skill level 3 in Hexes
  1591 | D:2      | Reached skill level 1 in Ice Magic
  1787 | D:2      | Reached XP level 3. HP: 26/26 MP: 5/5
  2115 | D:2      | Reached skill level 2 in Ice Magic
  3283 | D:3      | Found a glowing drain.
  3319 | D:3      | Reached XP level 4. HP: 16/33 MP: 3/6
  3496 | Sewer    | Entered a sewer
  3521 | Sewer    | Reached skill level 3 in Ice Magic
  3824 | Sewer    | HP: 2/33 [adder (3)]
  4437 | Sewer    | Reached skill level 4 in Ice Magic
  4437 | Sewer    | Reached XP level 5. HP: 22/38 MP: 4/7
  4440 | Sewer    | Reached skill level 1 in Polearms
  4790 | Sewer    | Reached skill level 2 in Polearms
  4807 | Sewer    | Found a viscous altar of Jiyva.
  4834 | Sewer    | Reached skill level 4 in Stealth
  4834 | Sewer    | Reached skill level 1 in Fighting
  4834 | Sewer    | Reached XP level 6. HP: 27/47 MP: 5/8
  5018 | Sewer    | Reached skill level 2 in Fighting
  5456 | D:2      | Mangled by a gnoll

Vanquished Creatures
  5 jellies (Sewer)
  A hound (D:3)
  5 adders
  A gnoll (D:3)
  A river rat (Sewer)
  6 bats
  10 endoplasms
  6 giant cockroaches
  5 goblins
  5 hobgoblins
  3 jackals (D:2)
  4 quokkas
  8 ball pythons
  7 frilled lizards
  5 kobolds
  6 rats
78 creatures vanquished.

Table legend: (Time is in decaauts)
 A = Elapsed time spent in this place.
 B = Non-inter-level travel time spent in this place.
 C = Inter-level travel time spent in this place.
 D = Time resting spent in this place.
 E = Time spent auto-exploring this place.
 F = Levels seen in this place.
 G = Mean time per level.
                   A        B        C        D        E       F      G
               +--------+--------+--------+--------+--------+-----+--------+
         Total |   5503 |   5229 |    274 |    644 |   3304 |   4 | 1375.8 |
       Dungeon |   3918 |   3644 |    274 |    152 |   2701 |   3 | 1306.0 |
         Sewer |   1585 |   1585 |      0 |    492 |    603 |   1 | 1585.0 |
               +--------+--------+--------+--------+--------+-----+--------+

Top non-repeatable levels by time:
     D:2: 1684 daAuts
     D:1: 1679 daAuts
   Sewer: 1585 daAuts
     D:3: 553 daAuts

Table legend:
 A = Non-vault XP
 B = Vault XP
 C = Vault XP percentage of total XP
 D = Non-vault monster count
 E = Vault monster count
 F = Vault count percentage of total count
                 A         B        C        D         E       F
            +---------+---------+-------+---------+---------+-------
      Total |     136 |     309 |  69.4 |      45 |      33 |  42.3
            +---------+---------+-------+---------+---------+-------
        D:1 |      26 |       0 |   0.0 |      16 |       0 |   0.0
        D:2 |      45 |       1 |   2.2 |      19 |       1 |   5.0
        D:3 |      65 |       8 |  11.0 |      10 |       4 |  28.6
      Sewer |       0 |     300 | 100.0 |       0 |      28 | 100.0
            +---------+---------+-------+---------+---------+-------
